 Dungeon Crawl Stone Soup version 0.23.0 (webtiles) character file.

Game seed: 3529270131614820316

357 inmateoo the Insei (level 6, -2/47 HPs)
             Began as a Gnoll Transmuter on Feb 10, 2019.
             Killed from afar by Natasha (5 damage)
             ... with a wand of flame (20)
             ... on level 3 of the Dungeon.
             The game lasted 00:03:31 (2305 turns).

inmateoo the Insei (Gnoll Transmuter)               Turns: 2305, Time: 00:03:32

Health: -2/47      AC:  6    Str: 12    XL:     6   Next: 64%
Magic:  13/14      EV: 11    Int: 17    God:
Gold:   135        SH:  0    Dex: 16    Spells: 9/15 levels left

rFire    + . .     SeeInvis .     - Unarmed
rCold    + . .     Gourm    .   (no shield)
rNeg     . . .     Faith    .   p - +0 scale mail
rPois    +         Spirit   .   (no helmet)
rElec    +         Reflect  .   (no cloak)
rCorr    +         Harm     .   (no gloves)
MR       .....                  (boots currently unavailable)
Stlth    +.........             (no amulet)
HPRegen  0.15/turn              (no ring)
MPRegen  0.14/turn              (no ring)

@: appendage, resistant
A: distributed training, fangs 1, talons 3, strong nose
a: End Transformation


You were on level 3 of the Dungeon.
You were hungry.
You had grown temporary talons.
You visited 1 branch of the dungeon, and saw 4 of its levels.

You collected 135 gold pieces.

Inventory:

Missiles
 a - 81 arrows
Armour
 c - a +0 chain mail
 p - a +0 scale mail (worn)
Jewellery
 b - an uncursed ring of poison resistance {unknown}
Scrolls
 g - a scroll of enchant weapon {unknown}
 h - 3 scrolls of magic mapping {unknown}
 i - 3 scrolls of amnesia {unknown}
 k - 4 scrolls of teleportation {unknown}
 l - a scroll of fog {unknown}
 m - 2 scrolls of blinking {unknown}
 n - a scroll of random uselessness {unknown}
 q - a scroll of noise {unknown}
 r - 2 scrolls of identify {unknown}
 s - a scroll of remove curse {unknown}
Potions
 e - a potion of resistance
 f - a potion of mutation {unknown}
 j - 2 potions of haste {unknown}
 o - 2 potions of degeneration {unknown}
Comestibles
 d - 7 rations


   Skills:
 + Level 3.3 Fighting
 + Level 2.0 Short Blades
 + Level 2.0 Long Blades
 + Level 2.0 Axes
 + Level 2.0 Maces & Flails
 + Level 2.0 Polearms
 + Level 2.0 Staves
 + Level 2.0 Slings
 + Level 2.0 Bows
 + Level 2.0 Crossbows
 + Level 2.0 Throwing
 + Level 2.0 Armour
 + Level 5.0 Dodging
 + Level 2.0 Stealth
 + Level 2.0 Shields
 + Level 6.8 Unarmed Combat
 + Level 5.4 Spellcasting
 + Level 1.6 Conjurations
 + Level 1.6 Hexes
 + Level 1.6 Charms
 + Level 1.6 Summonings
 + Level 1.6 Necromancy
 + Level 1.6 Translocations
 + Level 4.1 Transmutations
 + Level 1.6 Fire Magic
 + Level 1.6 Ice Magic
 + Level 1.6 Air Magic
 + Level 1.6 Earth Magic
 + Level 1.6 Poison Magic
 + Level 2.2 Invocations
 + Level 2.0 Evocations


You had 9 spell levels left.
You knew the following spells:

 Your Spells              Type           Power        Failure   Level  Hunger
a - Beastly Appendage     Tmut           ###...       13%         1    None
b - Sticks to Snakes      Tmut           ###.....     19%         2    #......
c - Spider Form           Tmut/Pois      ##........   54%         3    ##.....

Your spell library contained the following spells:

 Spells                   Type           Power        Failure   Level  Hunger
 Animate Skeleton         Necr           N/A          36%         1    None
 Apportation              Tloc           ##....       36%         1    None
 Confusing Touch          Hex            ##....       36%         1    None
 Summon Small Mammal      Summ           ##..         36%         1    None
 Ice Form                 Ice/Tmut       ##......     91%         4    ####...
 Blade Hands              Tmut           ###.......   98%         5    ######.


Dungeon Overview and Level Annotations

Branches:
Dungeon (4/15)
 Temple: D:4-7

Altars:
Elyvilon
Fedhas
Gozag
Yredelemnul

Annotations:
D:3 Natasha


Innate Abilities, Weirdness & Mutations

Your experience applies equally to all skills.
You have very sharp teeth.
Your uncanny sense of smell can sniff out nearby items.
You have claws for feet.


Message History

Your feet morph into talons.
Natasha stares at you and mumbles some strange words.
The magic dart hits you. Natasha casts a spell at you. The magic dart hits you.
* * * LOW HITPOINT WARNING * * *
You are too injured to fight recklessly!
Natasha zaps a wand.
The puff of flame hits you!
* * * LOW HITPOINT WARNING * * *
Unknown command.
Unknown command.
You miss Natasha.
Natasha stares at you and mumbles some strange words.
The magic dart hits you.
* * * LOW HITPOINT WARNING * * *
Unknown command.
It was a potion of resistance.
You feel protected.
Natasha zaps a wand.
The puff of flame hits you. You resist.
You die...

#........................
#####.....#............##...#
#.........#.................#
#............##.........)...#
#...............<#.......)..#
####................##.#.##.))##
#....................._.........
#.##........####.....#.#...#....
#.#######.....h@...>.....(......
#.# #8..#..................#....
#.# #_..........................
#.# #8..#......................)
#.#######..#......#.............
#.##...###.#......######.....##.
#.##.....#.#......# #....####
#.##.......######## ###########
##.##.......###...## ##...##
##..


You could see Natasha.

Vanquished Creatures
  Sigmund (D:3)
  Natasha (D:3)
  Terence (D:2)
  An orc wizard (D:3)
  2 adders (D:2)
  3 gnolls (D:3)
  3 leopard geckos
  3 orcs (D:3)
  13 giant cockroaches
  4 goblins
  8 hobgoblins
  2 jackals (D:1)
  6 kobolds
  3 quokkas (D:3)
  A ball python (D:1)
  8 bats
  4 frilled lizards
  7 rats
71 creatures vanquished.

Vanquished Creatures (collateral kills)
  A gnoll (D:3)
1 creature vanquished.

Grand Total: 72 creatures vanquished

Notes
Turn   | Place    | Note
-------+----------+-------------------------------------------
     0 | D:1      | inmateoo the Gnoll Transmuter began the quest for the Orb.
     0 | D:1      | Reached XP level 1. HP: 17/17 MP: 6/6
   112 | D:1      | Reached XP level 2. HP: 18/23 MP: 7/7
   704 | D:2      | Reached skill level 5 in Spellcasting
   704 | D:2      | Reached XP level 3. HP: 23/28 MP: 7/9
   718 | D:2      | Learned a level 2 spell: Sticks to Snakes
   722 | D:2      | Learned a level 3 spell: Spider Form
   859 | D:2      | Reached skill level 1 in Invocations
  1052 | D:2      | Noticed Terence
  1067 | D:2      | Killed Terence
  1067 | D:2      | Reached skill level 1 in Short Blades
  1067 | D:2      | Reached skill level 1 in Long Blades
  1067 | D:2      | Reached skill level 1 in Axes
  1067 | D:2      | Reached skill level 1 in Maces & Flails
  1067 | D:2      | Reached skill level 1 in Polearms
  1067 | D:2      | Reached skill level 1 in Staves
  1067 | D:2      | Reached skill level 1 in Slings
  1067 | D:2      | Reached skill level 1 in Bows
  1067 | D:2      | Reached skill level 1 in Crossbows
  1067 | D:2      | Reached skill level 1 in Throwing
  1067 | D:2      | Reached skill level 1 in Armour
  1067 | D:2      | Reached skill level 1 in Stealth
  1067 | D:2      | Reached skill level 1 in Shields
  1067 | D:2      | Reached skill level 1 in Evocations
  1067 | D:2      | Reached XP level 4. HP: 29/34 MP: 4/11
  1311 | D:3      | Reached skill level 1 in Conjurations
  1311 | D:3      | Reached skill level 1 in Hexes
  1311 | D:3      | Reached skill level 1 in Charms
  1311 | D:3      | Reached skill level 1 in Summonings
  1311 | D:3      | Reached skill level 1 in Necromancy
  1311 | D:3      | Reached skill level 1 in Translocations
  1311 | D:3      | Reached skill level 1 in Fire Magic
  1311 | D:3      | Reached skill level 1 in Ice Magic
  1311 | D:3      | Reached skill level 1 in Air Magic
  1311 | D:3      | Reached skill level 1 in Earth Magic
  1311 | D:3      | Reached skill level 1 in Poison Magic
  1372 | D:3      | Reached XP level 5. HP: 19/40 MP: 8/12
  1651 | D:3      | Found an opulent altar of Gozag.
  1658 | D:3      | Found a blossoming altar of Fedhas.
  1764 | D:3      | Found a basalt altar of Yredelemnul.
  1872 | D:3      | Noticed Natasha
  1886 | D:3      | Killed Natasha
  2100 | D:3      | Found a white marble altar of Elyvilon.
  2101 | D:3      | Noticed Sigmund
  2110 | D:3      | Killed Sigmund
  2110 | D:3      | Reached skill level 5 in Dodging
  2110 | D:3      | Reached XP level 6. HP: 31/47 MP: 12/14
  2253 | D:3      | Noticed Natasha
  2279 | D:4      | Noticed a phantom
  2305 | D:3      | Killed from afar by Natasha

Skill      XL: |  1  2  3  4  5 |
---------------+----------------+-----
Spellcasting   | 5 |  5.4
Invocations    | 1 2 |  2.2
Short Blades   | 1 2 |  2.0
Long Blades    | 1 2 |  2.0
Axes           | 1 2 |  2.0
Maces & Flails | 1 2 |  2.0
Polearms       | 1 2 |  2.0
Staves         | 1 2 |  2.0
Slings         | 1 2 |  2.0
Bows           | 1 2 |  2.0
Crossbows      | 1 2 |  2.0
Throwing       | 1 2 |  2.0
Armour         | 1 2 |  2.0
Stealth        | 1 2 |  2.0
Shields        | 1 2 |  2.0
Evocations     | 1 2 |  2.0
Conjurations   | 1 |  1.6
Hexes          | 1 |  1.6
Charms         | 1 |  1.6
Summonings     | 1 |  1.6
Necromancy     | 1 |  1.6
Translocations | 1 |  1.6
Fire Magic     | 1 |  1.6
Ice Magic      | 1 |  1.6
Air Magic      | 1 |  1.6
Earth Magic    | 1 |  1.6
Poison Magic   | 1 |  1.6
Fighting       | 3 |  3.3
Transmutations | 4 |  4.1
Dodging        | 5 |  5.0
Unarmed Combat | |  6.8

Action                   |  1- 3 |  4- 6 || total
-------------------------+-------+-------++-------
Melee: Unarmed           |   130 |   157 ||   287
       Bite              |    13 |    12 ||    25
       Punch             |     2 |     4 ||     6
       Kick              |       |     3 ||     3
       Headbutt          |       |     1 ||     1
 Cast: Beastly Appendage |     1 |     4 ||     5
       Sticks to Snakes  |     1 |     2 ||     3
  Use: Potion            |       |     1 ||     1
  Eat: Chunk             |       |     4 ||     4
Armor: Chain mail        |   108 |    15 ||   123
       Robe              |     1 |       ||     1
       Scale mail        |       |    50 ||    50
Dodge: Dodged            |    47 |    81 ||   128
